| TOP OF THE 1ST |
|
Sioux Falls Packers batting - Pitching for Huron Cubs : RHP Ben Callahan
|
|
Pitching: RHP Ben Callahan
|
|
|
Batting: RHB Javier Flores
|
0-0: Called Strike 0-1: Ball 1-1: Called Strike 1-2: Ball 2-2: Foul Ball, location: 2F 2-2: Foul Ball, location: 2F 2-2: Ball 3-2: Base on Balls
|
|
Batting: RHB Kenneth Clayton
|
0-0: Ball 1-0: 2-RUN HOME RUN (Flyball, 7D, EV 86.9 MPH), Distance : 362 ft
|
|
Batting: LHB Pedro Nunez
|
0-0: Swinging Strike 0-1: Ball 1-1: Called Strike 1-2: Ball 2-2: Ball 3-2: Foul Ball, location: 2F 3-2: DOUBLE (Line Drive, 5D, EV 105.0 MPH)
|
|
Batting: LHB Michael Wishnevski
|
0-0: Ball 1-0: Ball 2-0: Called Strike 2-1: Ball 3-1: Base on Balls
|
|
Batting: RHB Tracy Cowger
|
0-0: Ball 1-0: Ball 2-0: Foul Ball, location: 2F 2-1: Ball 3-1: Base on Balls Pedro Nunez to third Michael Wishnevski to second
|
|
Batting: LHB Michael Robbins
|
0-0: Swinging Strike 0-1: Ball 1-1: Swinging Strike 1-2: Ball 2-2: Ball 3-2: Base on Balls Pedro Nunez scores Michael Wishnevski to third Tracy Cowger to second
|
|
Batting: SHB Dan Hanggie
|
0-0: Called Strike 0-1: Ball 1-1: Fly out, F8 (Flyball, 8LD, EV 93.1 MPH) Runner from 3rd tags up, SCORES, throw by CF Tracy Cowger to third
|
|
Batting: RHB Danny Huffstickler
|
0-0: Ball 1-0: Swinging Strike 1-1: Ball 2-1: Ball 3-1: SINGLE (Line Drive, 5L, EV 95.6 MPH) Tracy Cowger scores Michael Robbins to second
|
|
Batting: RHB Francisco Perez
|
0-0: Foul Ball, location: 2F 0-1: Ball 1-1: Foul Ball, location: 2F 1-2: Grounds into double play, 3-6-3 (Groundball, 34, EV 85.0 MPH)
|
| Top of the 1st over - 5 runs, 3 hits, 0 errors, 1 left on base; Sioux Falls 5 - Huron 0 |
| BOTTOM OF THE 1ST |
|
Huron Cubs batting - Pitching for Sioux Falls Packers : LHP Miguel Reyes
|
|
Pitching: LHP Miguel Reyes
|
|
|
Batting: RHB Mike Stellern
|
0-0: Ball 1-0: Ground out 6-3 (Groundball, 6S, EV 91.3 MPH)
|
|
Batting: RHB Greg Zunino
|
0-0: Ball 1-0: Ball 2-0: Ball 3-0: Base on Balls
|
|
Batting: RHB Mark Carreon
|
0-0: Ball 1-0: Called Strike 1-1: Foul Ball, location: 2F 1-2: Fielders Choice at 2nd, 6-4 (Groundball, 6, EV 94.4 MPH)
|
|
Batting: LHB Willis Gonzalez
|
0-0: Called Strike 0-1: Ball 1-1: Ball 2-1: Foul Ball, location: 2F 2-2: Ball 3-2: Base on Balls Mark Carreon to second
|
|
Batting: LHB Rob Nelson
|
0-0: DOUBLE (Line Drive, 7LS, EV 110.6 MPH) Mark Carreon scores Willis Gonzalez to third Runner from 3rd tries for Home, SAFE, no throw by LF
|
|
Batting: RHB Phillip Wilson
|
0-0: 2-RUN HOME RUN (Flyball, 7D, EV 101.9 MPH), Distance : 359 ft
|
|
Batting: RHB Sean Toerner
|
0-0: Ball 1-0: Called Strike 1-1: Ground out 6-3 (Groundball, 6S, EV 87.5 MPH)
|
| Bottom of the 1st over - 4 runs, 2 hits, 0 errors, 0 left on base; Sioux Falls 5 - Huron 4 |
| TOP OF THE 2ND |
|
Sioux Falls Packers batting - Pitching for Huron Cubs : RHP Ben Callahan
|
|
Batting: RHB Javier Flores
|
0-0: Ground out 3-1 (Groundball, 34S, EV 92.5 MPH)
|
|
Batting: RHB Kenneth Clayton
|
0-0: SINGLE (Flyball, 6D, EV 93.8 MPH)
|
|
Batting: LHB Pedro Nunez
|
0-0: Ball 1-0: Grounds into double play, 4-6-3 (Groundball, 4D, EV 108.1 MPH)
|
| Top of the 2nd over - 0 runs, 1 hit, 0 errors, 0 left on base; Sioux Falls 5 - Huron 4 |
| BOTTOM OF THE 2ND |
|
Huron Cubs batting - Pitching for Sioux Falls Packers : LHP Miguel Reyes
|
|
Batting: SHB Chris Pittaro
|
0-0: Ball 1-0: Foul Ball, location: 2F 1-1: Swinging Strike 1-2: Strikes out swinging
|
|
Batting: SHB Keith Smith
|
0-0: SINGLE (Flyball, 7S, EV 91.3 MPH)
|
|
Batting: RHB Mike Stellern
|
0-0: Called Strike 0-1: Swinging Strike 0-2: Ball 1-2: Ball 2-2: Strikes out looking
|
|
Batting: RHB Greg Zunino
|
0-0: Ball 1-0: Foul Ball, location: 2F 1-1: Ball 2-1: Fly out, F8 (Flyball, 8RD, EV 76.9 MPH)
|
| Bottom of the 2nd over - 0 runs, 1 hit, 0 errors, 1 left on base; Sioux Falls 5 - Huron 4 |
| TOP OF THE 3RD |
|
Sioux Falls Packers batting - Pitching for Huron Cubs : RHP Ben Callahan
|
|
Batting: LHB Michael Wishnevski
|
0-0: Ball 1-0: Foul Ball, location: 2F 1-1: Called Strike 1-2: Ball 2-2: Strikes out looking
|
|
Batting: RHB Tracy Cowger
|
0-0: Ball 1-0: SINGLE (Line Drive, 8RS, EV 91.9 MPH)
|
|
Batting: LHB Michael Robbins
|
0-0: Called Strike 0-1: Ball 1-1: Foul Ball, location: 2F 1-2: Foul Ball, location: 2F 1-2: Fly out, F6 (Popup, 6S, EV 77.5 MPH)
|
|
Batting: SHB Dan Hanggie
|
0-0: Called Strike 0-1: Ball 1-1: SINGLE (Groundball, 4D, EV 106.9 MPH) Tracy Cowger to second Runner from 2nd tries for 3rd, SAFE, no throw by CF
|
|
Batting: RHB Danny Huffstickler
|
0-0: Foul Ball, location: 2F 0-1: Ball 1-1: Ball 2-1: Called Strike 2-2: Foul Ball, location: 2F 2-2: Foul Ball, location: 2F 2-2: Ball 3-2: Ground out U3 (Groundball, 3, EV 103.8 MPH)
|
| Top of the 3rd over - 0 runs, 2 hits, 0 errors, 2 left on base; Sioux Falls 5 - Huron 4 |
| BOTTOM OF THE 3RD |
|
Huron Cubs batting - Pitching for Sioux Falls Packers : LHP Miguel Reyes
|
|
Batting: RHB Mark Carreon
|
0-0: Called Strike 0-1: Called Strike 0-2: Ball 1-2: Ball 2-2: Foul Ball, location: 2F 2-2: Ball 3-2: SINGLE (Groundball, 56S, EV 73.8 MPH) (infield hit)
|
|
Batting: LHB Willis Gonzalez
|
0-0: Called Strike 0-1: Ball Mark Carreon is caught stealing 2nd base 2-6 1-1: Called Strike 1-2: Ball 2-2: Ground out 4-3 (Groundball, 4, EV 80.0 MPH)
|
|
Batting: LHB Rob Nelson
|
0-0: Foul Ball, location: 2F 0-1: Foul Ball, location: 2F 0-2: Ball 1-2: Fly out, F8 (Flyball, 8LD, EV 94.4 MPH)
|
| Bottom of the 3rd over - 0 runs, 1 hit, 0 errors, 0 left on base; Sioux Falls 5 - Huron 4 |
| TOP OF THE 4TH |
|
Sioux Falls Packers batting - Pitching for Huron Cubs : RHP Ben Callahan
|
|
Batting: RHB Francisco Perez
|
0-0: Ball 1-0: Foul Ball, location: 2F 1-1: Ball 2-1: Swinging Strike 2-2: Ball 3-2: Fly out, F8 (Flyball, 8RS, EV 87.5 MPH)
|
|
Batting: RHB Javier Flores
|
0-0: Called Strike 0-1: Ball 1-1: Ground out U3 (Groundball, 34, EV 81.9 MPH)
|
|
Batting: RHB Kenneth Clayton
|
0-0: Called Strike 0-1: Ball 1-1: Foul Ball, location: 2F 1-2: Foul Ball, location: 2F 1-2: Foul Ball, location: 2F 1-2: Ball 2-2: Ground out 5-3 (Groundball, 56, EV 84.4 MPH)
|
| Top of the 4th over - 0 runs, 0 hits, 0 errors, 0 left on base; Sioux Falls 5 - Huron 4 |
| BOTTOM OF THE 4TH |
|
Huron Cubs batting - Pitching for Sioux Falls Packers : LHP Miguel Reyes
|
|
Batting: RHB Phillip Wilson
|
0-0: Called Strike 0-1: Called Strike 0-2: Ball 1-2: Fly out, F8 (Flyball, 78D, EV 75.6 MPH)
|
|
Batting: RHB Sean Toerner
|
0-0: Called Strike 0-1: Fly out, F9 (Flyball, 9, EV 88.8 MPH)
|
|
Batting: SHB Chris Pittaro
|
0-0: Ball 1-0: Called Strike 1-1: Fly out, F8 (Flyball, 8RM, EV 90.0 MPH)
|
| Bottom of the 4th over - 0 runs, 0 hits, 0 errors, 0 left on base; Sioux Falls 5 - Huron 4 |
| TOP OF THE 5TH |
|
Sioux Falls Packers batting - Pitching for Huron Cubs : RHP Ben Callahan
|
|
Batting: LHB Pedro Nunez
|
0-0: Fly out, F5 (Popup, 56S, EV 82.5 MPH)
|
|
Batting: LHB Michael Wishnevski
|
0-0: Called Strike 0-1: Called Strike 0-2: Strikes out looking
|
|
Batting: RHB Tracy Cowger
|
0-0: Called Strike 0-1: Ball 1-1: Ball 2-1: Ball 3-1: Swinging Strike 3-2: Ground out 6-3 (Groundball, 6, EV 90.6 MPH)
|
| Top of the 5th over - 0 runs, 0 hits, 0 errors, 0 left on base; Sioux Falls 5 - Huron 4 |
| BOTTOM OF THE 5TH |
|
Huron Cubs batting - Pitching for Sioux Falls Packers : LHP Miguel Reyes
|
|
Batting: SHB Keith Smith
|
0-0: Ball 1-0: Foul Ball, location: 2F 1-1: Ball 2-1: Fly out, F9 (Flyball, 89D, EV 89.4 MPH)
|
|
Batting: RHB Mike Stellern
|
0-0: Ball 1-0: Called Strike 1-1: Foul Ball, location: 2F 1-2: SOLO HOME RUN (Flyball, 7LD, EV 108.1 MPH), Distance : 363 ft
|
|
Batting: RHB Greg Zunino
|
0-0: Ball 1-0: Foul Ball, location: 2F 1-1: Ball 2-1: Foul Ball, location: 2F 2-2: Foul Ball, location: 2F 2-2: Ball 3-2: Ground out U3 (Groundball, 3, EV 81.3 MPH)
|
|
Batting: RHB Mark Carreon
|
0-0: Ground out 6-3 (Groundball, 6S, EV 72.5 MPH)
|
| Bottom of the 5th over - 1 run, 1 hit, 0 errors, 0 left on base; Sioux Falls 5 - Huron 5 |
| TOP OF THE 6TH |
|
Sioux Falls Packers batting - Pitching for Huron Cubs : RHP Ben Callahan
|
|
Batting: LHB Michael Robbins
|
0-0: Called Strike 0-1: SINGLE (Flyball, 78S, EV 97.5 MPH)
|
|
Batting: SHB Dan Hanggie
|
0-0: Ball 1-0: Fly out, F8 (Flyball, 8LXD, EV 94.4 MPH)
|
|
Batting: RHB Danny Huffstickler
|
0-0: Ball 1-0: Called Strike 1-1: Swinging Strike 1-2: Fly out, F2 (Popup, 23F, EV 70.6 MPH)
|
|
Batting: RHB Francisco Perez
|
0-0: Ground out 4-3 (Groundball, 34, EV 98.1 MPH)
|
| Top of the 6th over - 0 runs, 1 hit, 0 errors, 1 left on base; Sioux Falls 5 - Huron 5 |
| BOTTOM OF THE 6TH |
|
Huron Cubs batting - Pitching for Sioux Falls Packers : LHP Miguel Reyes
|
|
Batting: LHB Willis Gonzalez
|
0-0: Ball 1-0: Foul Ball, location: 2F 1-1: Ball 2-1: Ball 3-1: Base on Balls
|
|
Batting: LHB Rob Nelson
|
0-0: Called Strike 0-1: Ball 1-1: Foul Ball, location: 2F 1-2: Fly out, F7 (Flyball, 7D, EV 86.3 MPH)
|
|
Batting: RHB Phillip Wilson
|
0-0: Ball 1-0: Fly out, F6 (Popup, 6, EV 59.4 MPH)
|
|
Batting: RHB Sean Toerner
|
0-0: Ball 1-0: Ground out U3 (Groundball, 34S, EV 83.8 MPH)
|
| Bottom of the 6th over - 0 runs, 0 hits, 0 errors, 1 left on base; Sioux Falls 5 - Huron 5 |
| TOP OF THE 7TH |
|
Sioux Falls Packers batting - Pitching for Huron Cubs : RHP Ben Callahan
|
|
Batting: RHB Javier Flores
|
0-0: Ball 1-0: SINGLE (Line Drive, 89S, EV 104.4 MPH)
|
|
Batting: RHB Kenneth Clayton
|
0-0: 2-RUN HOME RUN (Flyball, 8LXD, EV 85.0 MPH), Distance : 422 ft
|
|
Pitching: RHP Jose Lopez
|
|
|
Batting: LHB Pedro Nunez
|
0-0: Reached on error, E5 (Line Drive, 5, EV 70.0 MPH)
|
|
Batting: LHB Michael Wishnevski
|
0-0: Foul Ball, location: 2F 0-1: Ball 1-1: Ball 2-1: Foul Ball, location: 2F 2-2: Ball 3-2: Base on Balls Pedro Nunez to second
|
|
Batting: RHB Tracy Cowger
|
0-0: Ball 1-0: Fly out, F8 (Flyball, 78M, EV 80.0 MPH)
|
|
Batting: LHB Michael Robbins
|
0-0: Foul Ball, location: 2F 0-1: Swinging Strike 0-2: DOUBLE (Groundball, 5L, EV 105.6 MPH) Pedro Nunez scores Michael Wishnevski to third
|
|
Batting: SHB Dan Hanggie
|
0-0: Intentional Walk
|
|
Batting: RHB Danny Huffstickler
|
0-0: Foul Ball, location: 2F 0-1: Swinging Strike 0-2: Strikes out swinging
|
|
Batting: RHB Francisco Perez
|
0-0: Fly out, F8 (Flyball, 8LD, EV 93.1 MPH)
|
| Top of the 7th over - 3 runs, 3 hits, 1 error, 3 left on base; Sioux Falls 8 - Huron 5 |
| BOTTOM OF THE 7TH |
|
Huron Cubs batting - Pitching for Sioux Falls Packers : LHP Miguel Reyes
|
|
Batting: SHB Chris Pittaro
|
0-0: Ball 1-0: Called Strike 1-1: Ground out 2-3 (Groundball, 2L, EV 70.0 MPH)
|
|
Batting: SHB Keith Smith
|
0-0: Swinging Strike 0-1: Ground out 4-3 (Groundball, 4M, EV 101.9 MPH)
|
|
Batting: RHB Mike Stellern
|
0-0: Ball 1-0: Ground out 4-3 (Groundball, 4, EV 83.1 MPH)
|
| Bottom of the 7th over - 0 runs, 0 hits, 0 errors, 0 left on base; Sioux Falls 8 - Huron 5 |
| TOP OF THE 8TH |
|
Sioux Falls Packers batting - Pitching for Huron Cubs : RHP Jose Lopez
|
|
Batting: RHB Javier Flores
|
0-0: Foul Ball, location: 2F 0-1: Foul Ball, location: 2F 0-2: Ground out U3 (Groundball, 3S, EV 65.6 MPH)
|
|
Batting: RHB Kenneth Clayton
|
0-0: Ball 1-0: Foul Ball, location: 2F 1-1: Foul Ball, location: 2F 1-2: Strikes out looking
|
|
Batting: LHB Pedro Nunez
|
0-0: Ball 1-0: Ball 2-0: Called Strike 2-1: Ball 3-1: Foul Ball, location: 2F 3-2: Ground out 2-3 (Groundball, 15S, EV 61.9 MPH)
|
| Top of the 8th over - 0 runs, 0 hits, 0 errors, 0 left on base; Sioux Falls 8 - Huron 5 |
| BOTTOM OF THE 8TH |
|
Huron Cubs batting - Pitching for Sioux Falls Packers : LHP Miguel Reyes
|
|
Batting: RHB Greg Zunino
|
0-0: Called Strike 0-1: Ball 1-1: Foul Ball, location: 2F 1-2: Foul Ball, location: 2F 1-2: Ball 2-2: Ball 3-2: Foul Ball, location: 2F 3-2: Foul Ball, location: 2F 3-2: Ground out 4-3 (Groundball, 4, EV 84.4 MPH)
|
|
Batting: RHB Mark Carreon
|
0-0: Foul Ball, location: 2F 0-1: DOUBLE (Line Drive, 7LS, EV 98.8 MPH)
|
|
Batting: LHB Willis Gonzalez
|
0-0: Ball 1-0: SINGLE (Groundball, 4D, EV 103.1 MPH) Mark Carreon to third Runner from 3rd tries for Home, throw by CF and OUT! 8-2 Willis Gonzalez to second
|
|
Batting: LHB Rob Nelson
|
0-0: Called Strike 0-1: Ball 1-1: Called Strike 1-2: Strikes out swinging
|
| Bottom of the 8th over - 0 runs, 2 hits, 0 errors, 1 left on base; Sioux Falls 8 - Huron 5 |
| TOP OF THE 9TH |
|
Sioux Falls Packers batting - Pitching for Huron Cubs : RHP Jose Lopez
|
|
Batting: LHB Michael Wishnevski
|
0-0: Ball 1-0: Foul Ball, location: 2F 1-1: Swinging Strike 1-2: Foul Ball, location: 2F 1-2: Foul Ball, location: 2F 1-2: Ball 2-2: Ball 3-2: Base on Balls
|
|
Batting: RHB Tracy Cowger
|
0-0: Foul Ball, location: 2F 0-1: Ball 1-1: Fly out, F8 (Line Drive, 8RM, EV 94.4 MPH)
|
|
Batting: LHB Michael Robbins
|
0-0: Ball 1-0: SINGLE (Groundball, 34S, EV 81.9 MPH) (infield hit) Michael Wishnevski to second
|
|
Batting: SHB Dan Hanggie
|
0-0: Called Strike 0-1: Fly out, F7 (Flyball, 7S, EV 86.3 MPH)
|
|
Batting: RHB Danny Huffstickler
|
0-0: Called Strike 0-1: Ball 1-1: Called Strike 1-2: Ball 2-2: Strikes out swinging
|
| Top of the 9th over - 0 runs, 1 hit, 0 errors, 2 left on base; Sioux Falls 8 - Huron 5 |
| BOTTOM OF THE 9TH |
|
Huron Cubs batting - Pitching for Sioux Falls Packers : LHP Miguel Reyes
|
|
Pitching: RHP Robert Allen
|
|
|
Batting: RHB Phillip Wilson
|
0-0: Ball 1-0: Foul Ball, location: 2F 1-1: Fly out, F7 (Flyball, 78S, EV 96.9 MPH)
|
|
Batting: RHB Sean Toerner
|
0-0: Swinging Strike 0-1: Ball 1-1: Ground out 5-3 (Groundball, 5L, EV 85.0 MPH)
|
|
Batting: SHB Chris Pittaro
|
0-0: Ball 1-0: Fly out, F8 (Flyball, 8RD, EV 95.0 MPH)
|
| Bottom of the 9th over - 0 runs, 0 hits, 0 errors, 0 left on base; Sioux Falls 8 - Huron 5 |
|